 Dungeon Crawl Stone Soup version 0.31-a0-263-ge8cad7f256 (webtiles) character file.

Game seed: 2810096348511455978

284 qw the Shooter (level 6, -6/37 HPs)
             Began as a Gargoyle Hexslinger on July 13, 2023.
             Mangled by an ogre
             ... wielding a +0 giant club
              (21 damage)
             ... on level 5 of the Dungeon.
             The game lasted 00:01:31 (3352 turns).

qw the Shooter (Gargoyle Hexslinger)                Turns: 3352, Time: 00:01:31

Health: -6/37      AC: 12    Str: 11    XL:     6   Next: 29%
Magic:  7/7        EV: 10    Int: 14    God:
Gold:   218        SH:  0    Dex: 14    Spells: 6/7 levels left

rFire   . . .        Y - +1 sling
rCold   . . .        (no shield)
rNeg    + . .        e - +0 ring mail
rPois   inf          f - +0 helmet
rElec   +            c - +0 cloak
rCorr   .            d - +0 pair of gloves
SInv    .            (no boots)
Will    .....        (no amulet)
Stlth   +            (no ring)
HPRegen 0.26/turn    (no ring)
MPRegen 0.10/turn

%: no passive effects
@: no status effects
A: sickness immunity, AC +4, negative energy resistance 1, electricity
resistance, torment resistance 1, petrification resistance
a: no special abilities


You were on level 5 of the Dungeon.
You visited 2 branches of the dungeon, and saw 6 of its levels.

You collected 218 gold pieces.


Innate Abilities, Weirdness & Mutations

You are immune to sickness and miasma.
Your stone body is resilient. (AC +4)
You are immune to poison.
You resist negative energy. (rN+)
You are resistant to electric shocks. (rElec)
You are resistant to unholy torment.
You are immune to petrification.


   Skills:
 - Level 3.4 Fighting
 + Level 5.5 Ranged Weapons
 - Level 1.0 Armour
 - Level 1.5 Dodging
 - Level 1.0 Spellcasting
 - Level 2.6 Hexes


You had 6 spell levels left.
You knew the following spells:

 Your Spells              Type           Power      Damage    Failure   Level
a - Slow                  Hex            32%        N/A       21%         1

Your spell library contained the following spells:

 Spells                   Type           Power      Damage    Failure   Level
 Inner Flame              Hex/Fire       4%         N/A       71%         3
 Portal Projectile        Hex/Tloc       8%         N/A       71%         3
 Cause Fear               Hex            4%         N/A       90%         4

Inventory:

Hand Weapons
 Y - a +1 sling (weapon)
Armour
 c - a +0 cloak (worn)
 d - a +0 pair of gloves (worn)
 e - a +0 ring mail (worn)
 f - a +0 helmet (worn)
Scrolls
 g - a scroll of identify
Potions
 a - a potion of brilliance {unknown}
 b - a potion of heal wounds
 h - 5 potions of curing
 i - a potion of ambrosia {unknown}
 j - a potion of mutation {unknown}

Dungeon Overview and Level Annotations

Branches:
Dungeon (5/15)             Temple (1/1) D:4

Altars:
Ashenzari
Cheibriados
Dithmenos
Fedhas
Kikubaaqudgha
Sif Muna
Trog
Uskayaw
Vehumet
Yredelemnul
Zin
The Shining One

Shops:
D:2 =

Annotations:
D:4 1 runed translucent door, Crazy Yiuf


Message History

The iguana hisses angrily.
The sling bullet hits the iguana.
The iguana is lightly wounded.
You shoot a sling bullet.
The sling bullet hits the iguana but does no damage.
The iguana is lightly wounded.
You shoot a sling bullet. The sling bullet hits the iguana.
The iguana is heavily wounded.
You shoot a sling bullet. The sling bullet hits the iguana!
You kill the iguana!
A jelly comes into view.
The jelly quivers.
There is an open door here.
Enter note:
Enter note: You shoot a sling bullet.
The sling bullet hits the jelly.
The jelly is lightly wounded.
You shoot a sling bullet. The sling bullet hits the jelly!
The jelly is heavily wounded.
You shoot a sling bullet. The sling bullet hits the jelly.
The jelly is almost dead.
You shoot a sling bullet. The sling bullet hits the jelly.
You kill the jelly!
An ogre comes into view. It is wielding a +0 giant club.
Found an escape hatch in the ceiling.
The ogre shouts!
Enter note:
Enter note: You shoot a sling bullet.
The sling bullet hits the ogre but does no damage.
The ogre barely misses you.
You shoot a sling bullet.
The sling bullet completely misses the ogre.
The ogre hits you with a +0 giant club!!
Ouch! That really hurt!
You shoot a sling bullet. The sling bullet hits the ogre!
The ogre is moderately wounded.
The ogre hits you with a +0 giant club!!
Ouch! That really hurt!
You die...

###.##.####.#####
######..##.##.####.##..#
........#.....#.........
........#.....#.........
........#.....#...%.....
.......#.....#.........
#....#.....#.........
##....#.....#.........
#....@'.....#.........
##..O#########...###+#
###' .. ... .... .<...
######


You could see an ogre.

Vanquished Creatures
  A jelly (D:5)
  An orc priest (D:4)
  An iguana (D:5)
  Robin (D:4)
  3 gnolls
  6 adders
  A dart slug (D:2)
  5 orcs
  10 ball pythons
  6 bats
  3 endoplasms
  7 giant cockroaches
  7 hobgoblins
  3 frilled lizards
  16 goblins
  12 kobolds
  A rat (D:2)
84 creatures vanquished.

Vanquished Creatures (others)
  An orc wizard (D:5)
1 creature vanquished.

Grand Total: 85 creatures vanquished

Notes
Turn   | Place    | Note
-------+----------+-------------------------------------------
     0 | D:1      | qw the Gargoyle Hexslinger began the quest for the Orb.
     0 | D:1      | Reached XP level 1. HP: 12/12 MP: 2/2
     0 | D:1      | 0 ||| qw: Version: 0.3-a-52-g30416fa
     0 | D:1      | 0 ||| qw: Game counter: 7058
     0 | D:1      | 0 ||| qw: Melee chars always use a shield: true
     0 | D:1      | 0 ||| qw: God list: Okawaru
     0 | D:1      | 0 ||| qw: Allow faded altars: false
     0 | D:1      | 0 ||| qw: Do Orc after clearing Dungeon:15 true
     0 | D:1      | 0 ||| qw: Do second Lair branch before Depths: true
     0 | D:1      | 0 ||| qw: Lair rune preference: random
     0 | D:1      | 0 ||| qw: Goals: Normal
     0 | D:1      | 0 ||| PLANNING D:1-11
    45 | D:1      | 45 ||| FLEEEEING.
    50 | D:1      | Reached XP level 2. HP: 16/16 MP: 3/3
    98 | D:1      | Reached skill level 3 in Ranged Weapons
   455 | D:1      | Reached XP level 3. HP: 21/21 MP: 4/4
   639 | D:1      | 639 ||| READING scroll labelled AHOIX FUHEUDU.
   640 | D:1      | 640 ||| READING scroll labelled MOILIR IBBOITO.
   641 | D:1      | 641 ||| READING scroll labelled ODULIG CAOJOSIE.
   642 | D:1      | 642 ||| READING 2 scrolls labelled RISHRY PEUXOSEI.
   643 | D:1      | 643 ||| READING scroll labelled GEAHADGHERPH.
   648 | D:1      | 648 ||| DROPPING scroll of poison.
   649 | D:1      | 649 ||| DROPPING scroll of blinking.
   682 | D:2      | 682 ||| FLEEEEING.
   683 | D:2      | 683 ||| FLEEEEING.
   684 | D:2      | 684 ||| FLEEEEING.
   685 | D:2      | 685 ||| STAIRDANCE
   707 | D:1      | 707 ||| DRINKING 2 silvery potions.
   788 | D:2      | Found Sopn's Jewellery Shoppe.
   794 | D:2      | 794 ||| SHOPLISTING +4 ring of slaying (1092 gold, have
                  | 88).
   794 | D:2      | 794 ||| SHOPLISTING +6 ring of strength (504 gold, have
                  | 88).
   794 | D:2      | 794 ||| SHOPLISTING ring of willpower (350 gold, have 88).
  1005 | D:2      | Reached XP level 4. HP: 26/26 MP: 5/5
  1216 | D:3      | 1216 ||| STAIRDANCE
  1269 | D:3      | 1269 ||| STAIRDANCE
  1278 | D:2      | Reached skill level 4 in Ranged Weapons
  1304 | D:3      | 1304 ||| STAIRDANCE
  1320 | D:3      | 1320 ||| STAIRDANCE
  1381 | D:3      | 1381 ||| STAIRDANCE
  1417 | D:3      | 1417 ||| STAIRDANCE
  1537 | D:3      | Reached XP level 5. HP: 30/30 MP: 6/6
  1904 | D:3      | 1904 ||| UPGRADING to +0 ring mail.
  1914 | D:3      | 1914 ||| DROPPING +0 robe.
  1915 | D:3      | 1915 ||| READING scroll labelled HIKOBBUDOPA.
  1916 | D:3      | 1916 ||| READING scroll labelled AZIDEM HEGE.
  1973 | D:4      | Found a staircase to the Ecumenical Temple.
  1974 | D:4      | 1974 ||| PLANNING TEMPLE
  2032 | Temple   | Entered the Ecumenical Temple
  2204 | Temple   | 2204 ||| PLANNING D:1-11
  2276 | D:4      | Found a radiant altar of Vehumet.
  2318 | D:4      | Reached skill level 1 in Armour
  2444 | D:4      | Reached skill level 5 in Ranged Weapons
  2457 | D:4      | Noticed Robin
  2469 | D:4      | HP: 7/30 [Robin/+0 whip of freezing (1)]
  2470 | D:4      | 2470 ||| READING scroll of teleportation.
  2571 | D:4      | Killed Robin
  2831 | D:4      | Found a runed translucent door.
  2832 | D:4      | Noticed Crazy Yiuf
  3087 | D:4      | 3087 ||| UPGRADING to +0 cloak.
  3092 | D:4      | 3092 ||| UPGRADING to +0 pair of gloves.
  3097 | D:4      | 3097 ||| UPGRADING to +0 helmet.
  3153 | D:5      | Entered Level 5 of the Dungeon
  3172 | D:5      | 3172 ||| FLEEEEING.
  3173 | D:5      | 3173 ||| FLEEEEING.
  3182 | D:5      | 3182 ||| FLEEEEING.
  3183 | D:5      | 3183 ||| FLEEEEING.
  3184 | D:5      | 3184 ||| FLEEEEING.
  3185 | D:5      | 3185 ||| FLEEEEING.
  3187 | D:5      | 3187 ||| STAIRDANCE
  3225 | D:4      | 3225 ||| DRINKING 2 fuming emerald potions.
  3238 | D:5      | 3238 ||| STAIRDANCE
  3246 | D:4      | Reached skill level 3 in Fighting
  3246 | D:4      | Reached XP level 6. HP: 22/37 MP: 7/7
  3352 | D:5      | Mangled by an ogre

Levels and vault maps discovered:
D:1:      ldierk_walled_garden_2, layout_basic, minmay_worlds_worst_comb
D:2:      layout_basic, serial_shops, shop
D:3:      layout_rooms, minmay_circle_x
D:4:      layout_basic, nicolae_overflow_hidden_temple,
          minmay_temple_entry_ruins, uniq_crazy_yiuf_cottage, uniq_robin
D:5:      layout_gridville, chequers_serial_rivers_micro_d
Temple:   nicolae_temple_bog_church

Skill      XL: |  1  2  3  4  5 |
---------------+----------------+-----
Ranged Weapons | 3 4 5 |  5.5
Fighting       | 2 3 |  3.4
Armour         | 1 |  1.0
Dodging        | |  1.5
Spellcasting   | |  1.0
Hexes          | |  2.6

Action                     |  1- 3 |  4- 6 || total
---------------------------+-------+-------++-------
   Fire: Sling             |   112 |   232 ||   344
    Use: Scroll            |     5 |     3 ||     8
         Potion            |     1 |     1 ||     2
 Armour: Robe              |    21 |    10 ||    31
         Ring mail         |       |    81 ||    81
  Dodge: Dodged            |    27 |   107 ||   134

Table legend:
 A = Non-vault XP
 B = Vault XP
 C = Vault XP percentage of total XP
 D = Non-vault monster count
 E = Vault monster count
 F = Vault count percentage of total count
                 A         B        C        D         E       F
            +---------+---------+-------+---------+---------+-------
      Total |     350 |      56 |  13.8 |      69 |      16 |  18.8
            +---------+---------+-------+---------+---------+-------
        D:1 |      35 |       6 |  14.6 |      23 |       3 |  11.5
        D:2 |      64 |       0 |   0.0 |      15 |       0 |   0.0
        D:3 |      72 |      15 |  17.2 |      14 |       2 |  12.5
        D:4 |      81 |      35 |  30.2 |      14 |      11 |  44.0
        D:5 |      98 |       0 |   0.0 |       3 |       0 |   0.0
            +---------+---------+-------+---------+---------+-------
